 Dungeon Crawl Stone Soup version 0.31-a0-188-g5e087ee2ca (webtiles) character file.

Game seed: 12581323117860876782

305 qw the Skirmisher (level 6, -8/29 (34) HPs)
             Began as a Deep Elf Hunter on June 23, 2023.
             Mangled by Duvessa
             ... wielding a +0 short sword of draining
              (13 damage)
             ... on level 4 of the Dungeon.
             The game lasted 00:01:03 (2537 turns).

qw the Skirmisher (Deep Elf Hunter)                 Turns: 2537, Time: 00:01:03

HP:   -8/29 (34)    AC:  5    Str: 10    XL:     6   Next: 16%
MP:   8/8           EV: 17    Int: 19    God:
Gold: 172           SH:  0    Dex: 24    Spells: 5/5 levels left

rFire   . . .        Y - +1 shortbow
rCold   . . .        (shield currently unavailable)
rNeg    + . .        d - +0 ring mail
rPois   +            (no helmet)
rElec   .            (no cloak)
rCorr   .            (no gloves)
SInv    .            (no boots)
Will    .....        (no amulet)
Stlth   ++           a - ring of Ceguudoc {rPois rN+ Will- Int+5 Dex+6}
HPRegen 0.24/turn    i - +5 ring of evasion
MPRegen 0.11/turn

%: no passive effects
@: heavily drained
A: no striking features
a: no special abilities


You were on level 4 of the Dungeon.
You visited 1 branch of the dungeon, and saw 4 of its levels.

You collected 172 gold pieces.


   Skills:
 + Level 1.5 Fighting
 - Level 9.1 Ranged Weapons
 - Level 4.1 Dodging
 - Level 1.2 Stealth


You had 5 spell levels left.
You didn't know any spells.
Your spell library was empty.

Inventory:

Hand Weapons
 Y - a +1 shortbow (weapon)
Armour
 d - a +0 ring mail (worn)
Jewellery
 a - the ring of Ceguudoc (left hand) {rPois rN+ Will- Int+5 Dex+6}
   (You found it on level 2 of the Dungeon)

   [ring of dexterity]

   Int:       It affects your intelligence (+5).
   Dex:       It affects your dexterity (+6).
   rPois:     It protects you from poison.
   rN:        It protects you from negative energy.
   Will:      It decreases your willpower.
 i - a +5 ring of evasion (right hand)
Potions
 b - a potion of berserk rage {unknown}
 c - a potion of curing {unknown}
 f - a potion of mutation {unknown}
 g - a potion of ambrosia {unknown}
 h - a potion of attraction {unknown}

Dungeon Overview and Level Annotations

Branches:
Dungeon (4/15)
 Temple: D:4-7

Altars:

Annotations:
D:4 Duvessa


Message History

Enter note:
Enter note: You shoot an arrow.
The arrow barely misses Duvessa.
You shoot an arrow. The arrow hits Duvessa!
Duvessa is lightly wounded.
You shoot an arrow. The arrow hits Duvessa.
Duvessa is moderately wounded.
Duvessa rages.
You shoot an arrow. The arrow hits Duvessa.
Duvessa is moderately wounded.
Duvessa closely misses you. Duvessa misses you.
You shoot an arrow. The arrow hits Duvessa!
Duvessa is heavily wounded.
Duvessa hits you with a +0 short sword of draining.
You partially resist.
You feel drained.
You shoot an arrow.
The arrow hits Duvessa but does no damage.
Duvessa is heavily wounded.
Duvessa barely misses you. Duvessa misses you.
You shoot an arrow. The arrow hits Duvessa.
Duvessa is heavily wounded.
Duvessa closely misses you. Duvessa completely misses you.
You shoot an arrow.
The arrow hits Duvessa but does no damage.
Duvessa is heavily wounded.
Duvessa misses you.
You shoot an arrow. The arrow closely misses Duvessa.
Duvessa hits you with a +0 short sword of draining.
You partially resist.
You feel drained.
Duvessa hits you with a +0 short sword of draining!
You partially resist.
You feel drained.
You shoot an arrow.
The arrow hits Duvessa but does no damage.
Duvessa is heavily wounded.
Duvessa hits you with a +0 short sword of draining!
You partially resist.
You feel drained. Duvessa barely misses you.
You shoot an arrow. The arrow barely misses Duvessa.
Duvessa misses you.
Duvessa hits you with a +0 short sword of draining!
You die...

... .....# ...# ......+.
# #.... ......#... ..
#.... #.....#...# #.#
...... #.........# #.#
......##.....#...# ##.##
.................###....
......e@..####.....#....
..........#......)......
........%)#.##....#.....
....[.....#.##....#..)..
..............#.###...#.
.....###..#.#.....#...#.
...#. #....#.....#.....
...#........#.....#.)###
.###....#....<.... .


You could see Duvessa (berserk).

Vanquished Creatures
  A phantom (D:3)
  Dowan (D:4)
  An iguana (D:4)
  Ijyb (D:4)
  5 adders
  A worm (D:3)
  A dart slug (D:1)
  4 orcs
  6 endoplasms
  A giant cockroach (D:1)
  9 goblins
  5 hobgoblins
  2 jackals (D:2)
  7 kobolds
  6 quokkas
  5 ball pythons
  8 bats
  4 frilled lizards
  6 rats
74 creatures vanquished.

Notes
Turn   | Place    | Note
-------+----------+-------------------------------------------
     0 | D:1      | qw the Deep Elf Hunter began the quest for the Orb.
     0 | D:1      | Reached XP level 1. HP: 12/12 MP: 3/3
     0 | D:1      | 0 ||| qw: Version: 0.3-a-9-g12657ce
     0 | D:1      | 0 ||| qw: Game counter: 3089
     0 | D:1      | 0 ||| qw: Always use a shield: true
     0 | D:1      | 0 ||| qw: God list: Okawaru
     0 | D:1      | 0 ||| qw: Allow faded altars: false
     0 | D:1      | 0 ||| qw: Do Orc after D:15 true
     0 | D:1      | 0 ||| qw: Do second Lair branch before Depths: true
     0 | D:1      | 0 ||| qw: Lair rune preference: random
     0 | D:1      | 0 ||| qw: Plans: Normal
     0 | D:1      | 0 ||| PLANNING D:1-11
    58 | D:1      | 58 ||| FLEEEEING.
    59 | D:1      | 59 ||| FLEEEEING.
   168 | D:1      | Reached XP level 2. HP: 16/16 MP: 4/4
   175 | D:1      | Reached skill level 6 in Ranged Weapons
   500 | D:1      | HP: 1/16 [quokka (4)]
   617 | D:1      | Reached XP level 3. HP: 20/20 MP: 5/5
   776 | D:1      | 776 ||| UPGRADING to +0 ring mail.
   786 | D:1      | 786 ||| DROPPING +0 leather armour.
   787 | D:1      | 787 ||| READING scroll labelled IDASEIMEMU.
   788 | D:1      | 788 ||| READING scroll labelled LOQAOM UMNU.
   789 | D:1      | 789 ||| READING 2 scrolls labelled DEIDUPL GUNE.
   790 | D:1      | 790 ||| DROPPING scroll of butterflies.
   791 | D:1      | 791 ||| DROPPING scroll of immolation.
   842 | D:2      | Identified the ring of Ceguudoc {rPois rN+ Will- Int+5
                  | Dex+6}
   918 | D:2      | Reached skill level 7 in Ranged Weapons
  1152 | D:2      | Reached XP level 4. HP: 25/25 MP: 6/6
  1251 | D:2      | 1251 ||| Stepping ~*~*~tactically~*~*~ (water).
  1434 | D:2      | 1434 ||| UPGRADING to ring of Ceguudoc {rPois rN+ Will-
                  | Int+5 Dex+6}.
  1435 | D:2      | 1435 ||| READING scroll labelled LONOACKIKHLE.
  1436 | D:2      | 1436 ||| DRINKING 3 purple potions.
  1437 | D:2      | 1437 ||| DROPPING 2 potions of brilliance.
  1627 | D:3      | Found a faded altar of an unknown god.
  1871 | D:3      | Reached skill level 8 in Ranged Weapons
  1881 | D:3      | Noticed a phantom
  1891 | D:3      | Killed a phantom
  1892 | D:3      | Reached XP level 5. HP: 25/29 MP: 7/7
  2315 | D:3      | 2315 ||| UPGRADING to +5 ring of evasion.
  2316 | D:3      | 2316 ||| READING scroll labelled LAFFEYCIMI.
  2386 | D:4      | Noticed Ijyb
  2405 | D:4      | HP: 7/29 [Ijyb/+3 club (3)]
  2408 | D:4      | Killed Ijyb
  2513 | D:4      | Noticed Dowan
  2522 | D:4      | Killed Dowan
  2523 | D:4      | Reached skill level 9 in Ranged Weapons
  2523 | D:4      | Reached XP level 6. HP: 34/34 MP: 8/8
  2526 | D:4      | Noticed Duvessa
  2536 | D:4      | HP: 5/30 [Duvessa/+0 short sword of draining (10)]
  2537 | D:4      | Mangled by Duvessa

Levels and vault maps discovered:
D:1:      eino_arrival_cavern_b, layout_loops_cross, chequers_arboretum
D:2:      layout_basic, chequers_serial_rivers_marsh, minmay_tetromino_s4
D:3:      layout_basic, hellmonk_ecumenical_altar_inner_sanctum
D:4:      layout_basic, kennysheep_generic_room_16, uniq_ijyb, uniq_duvessa,
          uniq_grinder

Skill      XL: |  1  2  3  4  5 |
---------------+----------------+-----
Ranged Weapons | 6 7 8 9 |  9.1
Dodging        | 4 |  4.1
Fighting       | |  1.5
Stealth        | |  1.2

Action                     |  1- 3 |  4- 6 || total
---------------------------+-------+-------++-------
   Fire: Shortbow          |   120 |   133 ||   253
    Use: Scroll            |     3 |     2 ||     5
         Potion            |       |     1 ||     1
 Armour: Leather armour    |    10 |       ||    10
         Ring mail         |     3 |    18 ||    21
  Dodge: Dodged            |    26 |    37 ||    63

Table legend:
 A = Non-vault XP
 B = Vault XP
 C = Vault XP percentage of total XP
 D = Non-vault monster count
 E = Vault monster count
 F = Vault count percentage of total count
                 A         B        C        D         E       F
            +---------+---------+-------+---------+---------+-------
      Total |     334 |     103 |  23.6 |      71 |       3 |   4.1
            +---------+---------+-------+---------+---------+-------
        D:1 |      45 |       0 |   0.0 |      25 |       0 |   0.0
        D:2 |      59 |       1 |   1.7 |      19 |       1 |   5.0
        D:3 |     190 |       0 |   0.0 |      25 |       0 |   0.0
        D:4 |      40 |     102 |  71.8 |       2 |       2 |  50.0
            +---------+---------+-------+---------+---------+-------
